 Dungeon Crawl Stone Soup version 0.19.5 (webtiles) character file.

2388 WellDressedCM the Archer (level 9, 0/75 HPs)
             Began as a Minotaur Hunter on Mar 27, 2017.
             Was a Priest of Makhleb.
             Succumbed to a kobold's poison
             ... in a bailey.
             The game lasted 01:00:02 (7486 turns).

WellDressedCM the Archer (Minotaur Hunter)          Turns: 7486, Time: 01:00:03

Health: 0/75       AC: 11    Str: 22    XL:     9   Next: 22%
Magic:  8/8        EV: 10    Int:  8    God:    Makhleb [***...]
Gold:   185        SH:  0    Dex: 12    Spells: 1 memorised, 7 levels left

rFire  + . .     SeeInvis .     c - +5 falchion
rCold  + . .     Gourm    .     B - +0 chain mail {rF+}
rNeg   . . .     Faith    .     (no shield)
rPois  .         Spirit   .     (helmet restricted)
rElec  .         Reflect  .     (no cloak)
rCorr  .         Harm     .     l - +1 pair of gloves
MR     .....                    (no boots)
Stlth  ..........               (no amulet)
                                y - +3 ring of strength
                                u - ring of protection from cold

@: lethally poisoned (0 -> -6), flying
A: retaliatory headbutt, horns 2
a: Minor Destruction, Lesser Servant of Makhleb, Renounce Religion


You were in a bailey.
You worshipped Makhleb.
Makhleb was most pleased with you.
You were not hungry.

You visited 2 branches of the dungeon, and saw 8 of its levels.
You also visited: Bailey.

You collected 373 gold pieces.
You spent 188 gold pieces at shops.

Inventory:

Hand Weapons
 a - a +1 shortbow
 c - a +5 falchion (weapon)
 v - a +2 dagger of draining
 x - a +0 spear of venom
 A - a +4 flail of protection
Missiles
 d - 24 tomahawks of returning
 e - 8 needles of confusion
 g - 25 arrows
 h - 309 stones (quivered)
 i - 38 bolts
 s - 13 tomahawks
 t - 57 poisoned needles
Armour
 l - a +1 pair of gloves (worn)
 B - a +0 chain mail of fire resistance (worn)
Jewellery
 u - a ring of protection from cold (left hand)
 y - a +3 ring of strength (right hand)
Wands
 q - a wand of flame (11/48)
Scrolls
 n - 4 scrolls of identify
 p - 3 scrolls of remove curse
 r - a scroll of recharging
Potions
 b - 2 potions of flight
Books
 j - a book of Misfortune

   Spells                             Type                      Level
   a - Confusing Touch                Hexes                        1
   b - Confuse                        Hexes                        3
   c - Gell's Gravitas                Hexes/Translocation          3
   d - Petrify                        Transmutation/Earth          4
   e - Metabolic Englaciation         Hexes/Ice                    5
   f - Yara's Violent Unravelling     Hexes/Transmutation          5
 w - a book of Cantrips

   Spells                             Type                      Level
   a - Confusing Touch                Hexes                        1
   b - Animate Skeleton               Necromancy                   1
   c - Summon Small Mammal            Summoning                    1
   d - Apportation                    Translocation                1
Comestibles
 f - 5 bread rations
 k - a beef jerky
 m - 7 chunks of flesh
 o - 4 meat rations


   Skills:
 + Level 6.0 Fighting
 + Level 2.4 Short Blades
 + Level 0.5 Maces & Flails
 + Level 5.4 Polearms
 + Level 8.8 Bows
 + Level 1.2 Throwing
 + Level 4.5 Armour
 + Level 5.3 Dodging
 + Level 3.1 Stealth
 + Level 0.4 Spellcasting
 + Level 0.4 Summonings


You had 7 spell levels left.
You knew the following spells:

 Your Spells              Type           Power        Failure   Level  Hunger
a - Summon Small Mammal   Summ           #...         100%        1    ##.....


Dungeon Overview and Level Annotations

Branches:
Dungeon (7/15)             Temple (1/1) D:4

Altars:
Dithmenos
Fedhas
Gozag
Hepliaklqana
Makhleb
Okawaru
Ru
Sif Muna
Trog
Uskayaw
Vehumet
Xom
Yredelemnul
Zin
The Shining One

Shops:
D:4 =   D:5 *   D:6 :


Innate Abilities, Weirdness & Mutations

You reflexively headbutt those who attack you in melee.
You have a pair of horns on your head.


Message History

* * * LOW HITPOINT WARNING * * *
You feel sick.
* * * LOW HITPOINT WARNING * * *
You feel sick.
You feel very buoyant.
You fly up into the air.
* * * LOW HITPOINT WARNING * * *
You feel sick. The orc knight closely misses you. You furiously retaliate!
You headbutt the orc knight.
* * * LOW HITPOINT WARNING * * *
You feel sick.
* * * LOW HITPOINT WARNING * * *
You feel sick.
* * * LOW HITPOINT WARNING * * *
You feel sick.
Okay, then.
There is a lethal amount of poison in your body!
You start eating one of the 4 meat rations.
Keep eating?
You die...

#...## ##...#### ##..(..####
##.......### ##..∩((....####
##.............####
#.≈≈≈≈≈≈≈≈........###
≈≈≈≈≈≈≈≈≈≈≈≈≈≈.......##
≈≈#########≈≈≈≈≈@.....##
≈∩#ogoogKg#∩≈≈≈≈≈≈≈....###
###.ggg.K.####÷o≈≈≈≈≈≈≈≈≈###≈
. ####'####..#.g..)≈≈≈≈≈≈≈≈≈≈
. .....K))..###K.....#≈≈≈≈≈≈#
. ###g####..'.#.....#########
#K)###g.))...##
#.g#....⌠.....#
##'#).)......##


You could see an orc knight, 2 goblins and a kobold.

Vanquished Creatures
  Edmund (D:6)
  A black bear (D:6)
  4 orc warriors
  2 phantoms (D:5)
  An ogre (D:7)
  A centaur (D:6)
  A wyvern zombie (D:4)
  A wyvern skeleton (D:6)
  3 scorpions
  3 wights (D:6)
  2 howler monkeys
  A crimson imp (D:4)
  5 orc priests
  The ghost of equalderp2856 the Scratcher, a weakling FeFi (D:3)
  A bullfrog skeleton (D:6)
  3 hounds
  6 orc wizards
  An iguana (D:5)
  3 worker ants
  A hound skeleton (D:4)
  Robin (D:2)
  A howler monkey zombie (D:5)
  7 gnolls
  13 adders
  2 shadow imps
  3 oozes
  2 adder zombies (D:5)
  5 worms
  A dart slug (D:1)
  7 leopard geckos
  31 orcs
  3 ball pythons
  5 bats
  6 giant cockroaches
  14 goblins
  6 hobgoblins
  3 jackals (D:3)
  21 kobolds
  2 quokkas
  5 frilled lizards
  2 jackal skeletons (D:4)
  10 rats
192 creatures vanquished.

Notes
Turn   | Place    | Note
-------+----------+-------------------------------------------
     0 | D:1      | WellDressedCM the Minotaur Hunter began the quest for the Orb.
     0 | D:1      | Reached XP level 1. HP: 18/18 MP: 0/0
   110 | D:1      | Reached XP level 2. HP: 25/25 MP: 1/1
   233 | D:1      | Reached skill level 5 in Bows
   673 | D:2      | Reached XP level 3. HP: 30/30 MP: 2/2
  1586 | D:2      | Noticed Robin
  1587 | D:2      | Reached skill level 1 in Armour
  1595 | D:2      | Reached XP level 4. HP: 28/37 MP: 3/3
  1601 | D:2      | Killed Robin
  2181 | D:3      | Reached skill level 1 in Short Blades
  2181 | D:3      | Reached XP level 5. HP: 44/44 MP: 4/4
  2339 | D:3      | Found a burning altar of Makhleb.
  2344 | D:3      | Became a worshipper of Makhleb the Destroyer
  2391 | D:3      | Noticed equalderp2856's ghost (weakling FeFi)
  2407 | D:3      | Killed equalderp2856's ghost
  2407 | D:3      | Reached skill level 1 in Stealth
  2484 | D:3      | Reached skill level 6 in Bows
  2560 | D:3      | Found a sacrificial altar of Ru.
  2802 | D:3      | Reached XP level 6. HP: 51/51 MP: 5/5
  2892 | D:3      | Reached * piety under Makhleb
  3337 | D:4      | Found a staircase to the Ecumenical Temple.
  3361 | D:4      | Learned a level 1 spell: Summon Small Mammal
  3480 | D:4      | Found Exkupt's Jewellery Shoppe.
  3508 | D:4      | Bought a +3 ring of strength for 188 gold pieces
  3559 | D:4      | Reached XP level 7. HP: 55/58 MP: 6/6
  3681 | D:4      | Reached skill level 1 in Polearms
  3785 | D:4      | Reached skill level 7 in Bows
  4310 | D:4      | Found a shadowy altar of Dithmenos.
  4575 | D:4      | Reached ** piety under Makhleb
  4620 | Temple   | Entered the Ecumenical Temple
  4864 | D:5      | Entered Level 5 of the Dungeon
  4876 | D:5      | Found an opulent altar of Gozag.
  5049 | D:5      | Reached XP level 8. HP: 37/67 MP: 7/7
  5609 | D:5      | Found Negh's General Store.
  6194 | D:6      | Noticed Edmund
  6209 | D:6      | Killed Edmund
  6209 | D:6      | Reached skill level 5 in Fighting
  6209 | D:6      | Reached skill level 8 in Bows
  6423 | D:6      | Found Rutodim's Book Shoppe.
  6455 | D:6      | Reached skill level 5 in Polearms
  6456 | D:6      | Reached skill level 5 in Dodging
  6644 | D:6      | Found a blossoming altar of Fedhas.
  6860 | D:6      | Found a shimmering altar of Xom.
  7102 | D:7      | Reached XP level 9. HP: 59/74 MP: 8/8
  7176 | D:7      | Found a flagged portal.
  7201 | Bailey   | Entered a bailey
  7208 | Bailey   | Noticed an orc knight
  7225 | Bailey   | Reached *** piety under Makhleb
  7354 | Bailey   | Reached skill level 1 in Throwing
  7482 | Bailey   | HP: 3/75 [poisoned by a kobold]
  7484 | Bailey   | HP: 1/75 [poisoned by a kobold]
  7486 | Bailey   | Succumbed to a kobold's poison

Skill      XL: |  1  2  3  4  5  6  7  8  9 |
---------------+----------------------------+-----
Bows           | 5 6 7 8 |  8.8
Armour         | 1 2 3 4 |  4.5
Short Blades   | 1 2 |  2.4
Fighting       | 3 4 5 6 |  6.0
Stealth        | 1 2 3 |  3.1
Dodging        | 3 4 5 |  5.3
Polearms       | 4 5 |  5.4
Throwing       | 1 |  1.2
Maces & Flails | |  0.5
Spellcasting   | |  0.4
Summonings     | |  0.4

Action                   |  1- 3 |  4- 6 |  7- 9 || total
-------------------------+-------+-------+-------++-------
Melee: Short sword       |    61 |   125 |     3 ||   189
       Headbutt          |     4 |    32 |    47 ||    83
       Spear             |       |    37 |   264 ||   301
       Falchion          |       |       |    24 ||    24
       Flail             |       |       |     1 ||     1
 Fire: Shortbow          |    55 |    75 |    94 ||   224
Throw: Stone             |       |       |    26 ||    26
       Throwing net      |       |       |     1 ||     1
 Cast: Summon Small Mamm |       |     2 |       ||     2
Invok: Minor Destruction |       |       |     1 ||     1
  Use: Scroll            |     4 |     5 |     5 ||    14
       Potion            |     3 |     4 |     5 ||    12
 Stab: Sleeping          |       |     3 |     3 ||     6
  Eat: Pizza             |     1 |       |       ||     1
       Chunk             |       |     6 |     4 ||    10
       Bread ration      |       |     1 |       ||     1
       Meat ration       |       |       |     1 ||     1
Armor: Leather armour    |     4 |       |       ||     4
       Ring mail         |    19 |    51 |       ||    70
       Animal skin       |       |     6 |    18 ||    24
       Chain mail        |       |       |    43 ||    43
Dodge: Dodged            |    45 |   116 |   121 ||   282
       Rpst.: Falchion   |       |       |     1 ||     1
